[Event "Titled Tuesday Blitz March 22 Early 2022"]
[White "Mirzanurov, Bulat"]
[Black "Horcajuelo Rocamora, Martin"]
[WhiteFideId "4184521"]
[BlackFideId "24573027"]
[WhiteElo "2116"]
[BlackElo "1706"]
[Result "1-0"]
[Round "07"]
[TimeControl "180+1"]
[Date "2022.03.22"]
[WhiteClock "0:00:22"]
[BlackClock "0:00:15"]

1. e4 e5 2. Nf3 Nc6 3. Bc4 Nf6 4. d3 Bc5 5. O-O d6 6. c3 O-O 7. Nbd2 a6 8. Bb3 Ne7 9. Re1 Be6 10. d4 exd4 11. cxd4 Bb4 12. Bxe6 fxe6 13. Qb3 Bxd2 14. Qxe6+ Kh8 15. Bxd2 Nc6 16. Bc3 Re8 17. Qf5 Qc8 18. Qf4 Qg4 19. Qxg4 Nxg4 20. h3 Nf6 21. e5 dxe5 22. dxe5 Nd5 23. Rad1 Nce7 24. e6 c6 25. Ne5 Nxc3 26. bxc3 Nd5 27. c4 Nf6 28. g4 Kg8 29. g5 Nh5 30. Nd3 Rad8 31. f4 g6 32. Kg2 Rd4 33. Kf3 Kf8 34. Re4 Rxe4 35. Kxe4 Rxe6+ 36. Kd4 Rd6+ 37. Kc5 Rd7 38. Kb6 Kg7 39. c5 Nxf4 40. Nf2 Nd5+ 41. Ka7 h6 42. Ne4 hxg5 43. Nxg5 Rf7 44. Ne6+ Kf6 45. Nd8 Rd7 46. Nxb7 a5 47. Rf1+ Kg5 48. Rb1 Nb4 49. a3 Nd5 50. Rb6 Nxb6 51. cxb6 Kh4 52. Ka6 Kxh3 53. Nc5 Rg7 54. b7 Rxb7 55. Kxb7 g5 56. Kxc6 g4 57. Ne4 g3 58. Nxg3 Kxg3 59. Kb6 Kf4 60. Kxa5 Ke5 61. Kb6 Kd6 62. a4 Kd7 63. Kb7 Kd6 64. a5 Kc5 65. a6 Kb5 1-0


[Site "https://www.chess.com"]

[Event "Titled Tuesday Blitz March 22 Early 2022"]
[White "Miszler, Levente"]
[Black "Pinheiro, Iung Alicio de O."]
[WhiteFideId "763276"]
[BlackFideId "2104350"]
[WhiteElo "1966"]
[BlackElo "2518"]
[Result "0-1"]
[Round "07"]
[TimeControl "180+1"]
[Date "2022.03.22"]
[WhiteClock "0:00:01"]
[BlackClock "0:00:11"]

1. e4 c5 2. Nf3 Nc6 3. d4 cxd4 4. Nxd4 Nf6 5. Nc3 e5 6. Ndb5 d6 7. Bg5 a6 8. Na3 b5 9. Nd5 Be7 10. Bxf6 Bxf6 11. c4 b4 12. Nc2 Rb8 13. b3 Bg5 14. g3 O-O 15. Bg2 a5 16. O-O Ne7 17. h4 Bh6 18. Nxe7+ Qxe7 19. Qd5 Qc7 20. Rad1 Rd8 21. Kh2 Be6 22. Qd3 Qc5 23. Bh3 a4 24. Bxe6 fxe6 25. a3 bxa3 26. b4 Qc6 27. b5 Qc5 28. Nxa3 Rbc8 29. Rb1 d5 30. exd5 exd5 31. cxd5 Rxd5 32. Qf5 Rf8 33. Qe6+ Kh8 34. b6 Rd2 35. Kh3 Qxa3 36. b7 Rdd8 37. Qxe5 Rb8 38. Rfd1 Qf3 39. Rdc1 Qxf2 40. Qxb8 Rxb8 0-1


[Site "https://www.chess.com"]

[Event "Titled Tuesday Blitz March 22 Early 2022"]
[White "Mkrtchyan, Mariam"]
[Black "Pranav, V"]
[WhiteFideId "13310828"]
[BlackFideId "25060783"]
[WhiteElo "1984"]
[BlackElo "2349"]
[Result "0-1"]
[Round "07"]
[TimeControl "180+1"]
[Date "2022.03.22"]
[WhiteClock "0:00:08"]
[BlackClock "0:00:09"]

1. Nf3 d5 2. g3 Nf6 3. Bg2 c6 4. c4 Bg4 5. Ne5 Bf5 6. cxd5 cxd5 7. Nc3 Nc6 8. Qa4 Rc8 9. d4 e6 10. Nxc6 bxc6 11. Be3 Bd6 12. Rc1 O-O 13. O-O h6 14. Qa6 Qd7 15. Na4 Ng4 16. Bd2 e5 17. dxe5 Nxe5 18. b3 Bh3 19. Nc5 Qf5 20. Bf4 Bxg2 21. Kxg2 Bxc5 22. Rxc5 Ng6 23. Bd2 Rfe8 24. e3 Ne5 25. Qe2 Nd7 26. Rcc1 c5 27. Qf3 Qe6 28. Bc3 Nf8 29. Rfd1 Rcd8 30. Rd2 Nh7 31. h4 Rd6 32. Rcd1 Red8 33. Bb2 R6d7 34. Qf4 Nf8 35. Qf3 Ng6 36. Ba1 Ne7 37. Bb2 Nf5 38. Ba3 Qg6 39. Kh2 d4 40. Bxc5 Rd5 41. Bxd4 Qe6 42. Bc3 Rxd2 43. Rxd2 Rc8 44. Bd4 Nd6 45. Bxa7 Ne4 46. Rd4 Nf6 47. e4 Rc2 48. Rd8+ Ne8 49. a4 Qe7 50. Bb6 Rc6 51. Ba5 Ra6 52. Qc3 Kh7 53. e5 Re6 54. Qd3+ Kg8 55. Bc3 g5 56. Qd7 Qf8 57. Rxe8 Qxe8 58. Qxe8+ Rxe8 59. hxg5 hxg5 60. b4 Kg7 61. b5 Rc8 62. Bd4 Rc4 63. e6+ Rxd4 64. e7 Re4 65. b6 Rxe7 66. a5 Rb7 67. g4 Kf6 68. Kg3 Ke5 69. Kf3 Kd5 70. Ke3 Re7+ 71. Kd3 Kc6 72. Kc4 Re4+ 73. Kd3 Rxg4 74. Ke3 Rf4 75. f3 Kb7 76. Kd3 Rxf3+ 77. Ke2 Rf4 78. Ke3 Ra4 79. Kd3 Rxa5 80. Ke3 Kxb6 0-1


[Site "https://www.chess.com"]

[Event "Titled Tuesday Blitz March 22 Early 2022"]
[White "Molina, Roberto Junio Brito"]
[Black "Le Ruyet, Leopold"]
[WhiteFideId "2109450"]
[BlackFideId "645923"]
[WhiteElo "2432"]
[BlackElo "2276"]
[Result "1/2-1/2"]
[Round "07"]
[TimeControl "180+1"]
[Date "2022.03.22"]
[WhiteClock "0:00:23"]
[BlackClock "0:00:09"]

1. d4 d5 2. e3 c5 3. Nf3 cxd4 4. exd4 Nc6 5. Bd3 g6 6. c3 Bg7 7. Bf4 Nh6 8. Nbd2 O-O 9. O-O f6 10. Re1 Nf7 11. Bg3 e5 12. dxe5 fxe5 13. Bc2 e4 14. Nxe4 dxe4 15. Bxe4 Qxd1 16. Raxd1 Bg4 17. h3 Bxf3 18. Bxf3 Rfd8 19. Bc7 Rxd1 20. Rxd1 Nfe5 21. Bxe5 Nxe5 22. Bxb7 Rb8 23. Bd5+ Kf8 24. b3 Rd8 25. c4 Nc6 26. Rd3 Nb4 27. Rf3+ Ke8 28. Rf7 Bd4 29. Rxh7 Nxd5 30. cxd5 Rxd5 31. Rc7 Rf5 32. Rc2 Ke7 33. g3 Kd6 34. Kg2 Kd5 35. f4 Rf7 36. h4 Re7 37. Kf3 Re3+ 38. Kg4 Rd3 39. Rg2 Bf6 40. h5 gxh5+ 41. Kxh5 Ke4 42. Kg4 Rd8 43. Re2+ Kd3 44. Re6 Bd4 45. Kf3 Rh8 46. g4 Rh1 47. g5 Rf1+ 48. Kg4 Rg1+ 49. Kf5 Be3 50. Re4 Rg2 51. Ra4 Bd4 52. g6 Ke3 53. Ra6 Bb6 54. Ra4 Bd4 55. Rc4 Rf2 56. Rxd4 Kxd4 57. g7 Rg2 58. Kf6 Ke4 59. f5 Rxg7 60. Kxg7 Kxf5 61. Kf7 Ke4 62. Ke6 Kd4 63. Kd6 Kc3 64. Kc5 Kb2 65. Kb5 Kxa2 66. b4 Kb3 67. Ka5 a6 68. b5 axb5 69. Kxb5 1/2-1/2


[Site "https://www.chess.com"]

[Event "Titled Tuesday Blitz March 22 Early 2022"]
[White "Namitbir Singh Walia"]
[Black "Przybylski, Wojciech"]
[WhiteFideId "35071068"]
[BlackFideId "1117599"]
[WhiteElo "1565"]
[BlackElo "2133"]
[Result "0-1"]
[Round "07"]
[TimeControl "180+1"]
[Date "2022.03.22"]
[WhiteClock "0:00:07"]
[BlackClock "0:00:57"]

1. d4 Nf6 2. c4 e6 3. g3 Be7 4. Bg2 O-O 5. Nf3 d5 6. O-O Nbd7 7. Qc2 c6 8. b3 b6 9. Bb2 Bb7 10. Nbd2 Rc8 11. Ne5 c5 12. e3 Qc7 13. Rac1 Nxe5 14. dxe5 Nd7 15. f4 Bc6 16. cxd5 Bxd5 17. Bxd5 exd5 18. Nf3 Rfd8 19. Rfd1 Nf8 20. Qc3 f6 21. a4 Qd7 22. Qc2 a6 23. exf6 Bxf6 24. Bxf6 gxf6 25. Qg2 Qe6 26. Qf2 b5 27. axb5 axb5 28. Nh4 Re8 29. Ng2 Qe4 30. Qe2 c4 31. bxc4 dxc4 32. Rd4 Qe6 33. Rcd1 b4 34. f5 Qf7 35. Nf4 b3 36. Qg4+ Kh8 37. Ne6 c3 38. Nxf8 Rxf8 39. R4d2 cxd2 0-1


[Site "https://www.chess.com"]

[Event "Titled Tuesday Blitz March 22 Early 2022"]
[White "Neiksans, Arturs"]
[Black "Kozak, Antoni"]
[WhiteFideId "11601388"]
[BlackFideId "21832030"]
[WhiteElo "2447"]
[BlackElo "2236"]
[Result "1-0"]
[Round "07"]
[TimeControl "180+1"]
[Date "2022.03.22"]
[WhiteClock "0:00:13"]
[BlackClock "0:00:03"]

1. e4 c5 2. Nf3 d6 3. Bb5+ Bd7 4. Bxd7+ Nxd7 5. O-O Ngf6 6. Qe2 e6 7. d4 cxd4 8. Nxd4 Be7 9. c4 O-O 10. Nc3 a6 11. b3 Qa5 12. Bb2 Rfc8 13. Rac1 Qh5 14. f3 Bd8 15. Kh1 Bc7 16. g3 Rab8 17. Nd1 d5 18. cxd5 exd5 19. Nf5 Kh8 20. g4 Qg5 21. Nf2 dxe4 22. Nh3 exf3 23. Qxf3 Qd2 24. Rf2 Qd5 25. Qxd5 Nxd5 26. Bxg7+ Kg8 27. Bd4 Be5 28. Rd1 Bxd4 29. Rxd4 Rc1+ 30. Kg2 N7b6 31. g5 Re8 32. Nh6+ Kg7 33. Rxf7+ Kg6 34. Rf2 Ne3+ 35. Kf3 Nbd5 36. Nf4+ Nxf4 37. Rxf4 Kxg5 38. Nf7+ Kg6 39. Nd6 Re6 40. Ne4 Nf5 41. Rg4+ Kh5 42. Rg5+ Kh6 43. Rxf5 Rh1 44. Ng3 Ra1 45. Kg2 Ree1 46. R5f4 b5 47. Rg4 Rg1+ 48. Kh3 Rge1 49. Rf5 Re6 50. Rh5# 1-0


[Site "https://www.chess.com"]

[Event "Titled Tuesday Blitz March 22 Early 2022"]
[White "Nenezic, Marko"]
[Black "Grischuk, Alexander"]
[WhiteFideId "912123"]
[BlackFideId "4126025"]
[WhiteElo "2457"]
[BlackElo "2762"]
[Result "0-1"]
[Round "07"]
[TimeControl "180+1"]
[Date "2022.03.22"]
[WhiteClock "0:00:03"]
[BlackClock "0:00:37"]

1. Nf3 d5 2. g3 Nc6 3. d4 Bf5 4. Bg2 Nb4 5. Na3 e6 6. c3 Nc6 7. Nc2 Nf6 8. O-O Be7 9. Nce1 h6 10. Nd3 O-O 11. h3 a5 12. g4 Be4 13. Bf4 a4 14. Qd2 Na5 15. Nfe5 Bxg2 16. Kxg2 Nc4 17. Nxc4 dxc4 18. Ne5 a3 19. Rab1 b5 20. b3 c5 21. bxc4 bxc4 22. f3 Nd5 23. Bg3 Bg5 24. f4 Be7 25. e4 Nf6 26. Qe3 Qc8 27. f5 Rd8 28. fxe6 fxe6 29. Ng6 Qd7 30. Be5 cxd4 31. cxd4 Nh7 32. Nxe7+ Qxe7 33. Rbc1 Rac8 34. Rc3 Ng5 35. Rfc1 Qb7 36. Rxc4 Qb2+ 37. Kh1 Rxc4 38. Rxc4 Rf8 39. Rc1 Rf3 0-1


[Site "https://www.chess.com"]

[Event "Titled Tuesday Blitz March 22 Early 2022"]
[White "Nepomniachtchi, Ian"]
[Black "Andreikin, Dmitry"]
[WhiteFideId "4168119"]
[BlackFideId "4158814"]
[WhiteElo "2740"]
[BlackElo "2736"]
[Result "1-0"]
[Round "07"]
[TimeControl "180+1"]
[Date "2022.03.22"]
[WhiteClock "0:01:08"]
[BlackClock "0:00:13"]

1. e4 c5 2. Nf3 e6 3. d4 cxd4 4. Nxd4 a6 5. Nc3 b5 6. Bd3 Bb7 7. O-O Qb6 8. Nb3 Nf6 9. Qe2 h5 10. h3 d6 11. a4 b4 12. a5 Qc7 13. Na4 Nbd7 14. Re1 d5 15. exd5 Nxd5 16. Nd4 Be7 17. c4 bxc3 18. bxc3 N7f6 19. c4 Nb4 20. Nxe6 fxe6 21. Bg6+ Kf8 22. Qxe6 Bd6 23. Ba3 Bc6 24. Rad1 Rh6 25. Rxd6 Rxg6 26. Rd8+ 1-0


[Site "https://www.chess.com"]

[Event "Titled Tuesday Blitz March 22 Early 2022"]
[White "Nguyen, Thien Ngan"]
[Black "Kornyukov, Alexey"]
[WhiteFideId "12414816"]
[BlackFideId "4150457"]
[WhiteElo "1917"]
[BlackElo "2303"]
[Result "1-0"]
[Round "07"]
[TimeControl "180+1"]
[Date "2022.03.22"]
[WhiteClock "0:01:00"]
[BlackClock "0:01:57"]

1. e4 c5 2. Nf3 d6 3. d4 cxd4 4. Nxd4 e5 5. Nb5 a6 6. N5a3 Nf6 7. Nc3 Nc6 8. Bg5 Be7 9. Bxf6 Bxf6 10. Nd5 Be6 11. c3 Bxd5 12. Qxd5 Qc7 13. Nc4 Rd8 14. Ne3 O-O 15. Be2 Ne7 16. Qd3 Ng6 17. Nd5 Qc6 18. O-O Nf4 19. Nxf4 exf4 20. Rfd1 Be5 21. Qd5 Qxd5 1-0


[Site "https://www.chess.com"]

[Event "Titled Tuesday Blitz March 22 Early 2022"]
[White "Oganian, Miran"]
[Black "Xu, Yi"]
[WhiteFideId "4122488"]
[BlackFideId "8605564"]
[WhiteElo "2357"]
[BlackElo "2471"]
[Result "0-1"]
[Round "07"]
[TimeControl "180+1"]
[Date "2022.03.22"]
[WhiteClock "0:00:05"]
[BlackClock "0:00:36"]

1. e4 c5 2. Nf3 d6 3. Bb5+ Nd7 4. d4 cxd4 5. Qxd4 Nf6 6. c4 a6 7. Bxd7+ Bxd7 8. Bg5 e6 9. Nc3 Be7 10. O-O Bc6 11. a4 O-O 12. Rac1 Rc8 13. Rfd1 h6 14. Bh4 Qa5 15. b3 Rfd8 16. h3 Qh5 17. Qe3 Qa5 18. Bg3 Bf8 19. Nd4 Nd7 20. Bh4 Re8 21. Bg3 Ne5 22. f4 Ng6 23. Qf3 e5 24. Nxc6 bxc6 25. f5 Ne7 26. f6 Ng6 27. fxg7 Bxg7 28. Kh1 Red8 29. Rf1 Rd7 30. Qg4 Rcd8 31. h4 Rb7 32. h5 Nf4 33. Bxf4 exf4 34. Ne2 Qg5 35. Qf3 Rdb8 36. Rb1 Be5 37. Qh3 Kg7 38. Rf3 a5 39. Ra1 Bxa1 40. Rxf4 Kh8 41. Rg4 Qe5 42. Ng3 Rxb3 43. Qh4 Rxg3 44. Rxg3 Qxg3 45. Qxg3 Rb1+ 46. Kh2 Be5 47. Qxe5+ dxe5 0-1


[Site "https://www.chess.com"]

[Event "Titled Tuesday Blitz March 22 Early 2022"]
[White "Omariev, Maksim"]
[Black "Tristan, Leonardo"]
[WhiteFideId "4193423"]
[BlackFideId "113816"]
[WhiteElo "2518"]
[BlackElo "2404"]
[Result "0-1"]
[Round "07"]
[TimeControl "180+1"]
[Date "2022.03.22"]
[WhiteClock "0:00:19"]
[BlackClock "0:01:32"]

1. g4 e5 2. Bg2 h5 3. gxh5 Qh4 4. Nc3 Nf6 5. Nf3 Qg4 6. Rg1 Qxh5 7. d4 e4 8. Ng5 Qxh2 9. Kf1 d5 10. Be3 c6 11. Qd2 Ng4 12. Bf4 Qh4 13. Bg3 e3 14. Bxh4 Nh2+ 15. Ke1 exd2+ 16. Kxd2 Rxh4 17. Rh1 Rxd4+ 18. Ke3 Rg4 19. Rxh2 d4+ 20. Kf3 dxc3 21. Ne4 cxb2 22. Rb1 f5 23. Ng3 Rb4 24. Rh8 g5 25. Nh5 Kf7 26. Kg3 Bd6+ 27. Kh3 Rh4# 0-1


[Site "https://www.chess.com"]

[Event "Titled Tuesday Blitz March 22 Early 2022"]
[White "Omelja, Artem"]
[Black "Dronavalli, Harika"]
[WhiteFideId "14119846"]
[BlackFideId "5015197"]
[WhiteElo "2382"]
[BlackElo "2382"]
[Result "1/2-1/2"]
[Round "07"]
[TimeControl "180+1"]
[Date "2022.03.22"]
[WhiteClock "0:00:03"]
[BlackClock "0:00:19"]

1. d4 Nf6 2. c4 e6 3. Nf3 d5 4. Nc3 Bb4 5. cxd5 exd5 6. Qa4+ Nc6 7. Bg5 h6 8. Bxf6 Qxf6 9. e3 O-O 10. Bb5 Bd7 11. Bxc6 Bxc3+ 12. bxc3 Bxc6 13. Qb3 a6 14. Ne5 Rad8 15. O-O Bb5 16. Rfc1 b6 17. a4 Be2 18. Qa2 Bh5 19. c4 dxc4 20. Qxc4 c5 21. Qxa6 cxd4 22. Nc6 dxe3 23. Nxd8 exf2+ 24. Kh1 Rxd8 25. a5 bxa5 26. Qxf6 gxf6 27. Rxa5 Be2 28. Rf5 f1=Q+ 29. Rcxf1 Bxf1 30. Rxf1 Kg7 31. h3 Rd3 32. Kh2 h5 33. Rf4 Kg6 34. Ra4 f5 35. h4 Re3 36. g3 f6 37. Ra7 Re4 38. Kh3 Re3 39. Ra4 Re4 40. Ra3 f4 41. gxf4 Rxf4 42. Rg3+ Kf5 43. Ra3 Re4 44. Ra5+ Kg6 45. Ra3 Re6 46. Kg3 Rd6 47. Ra4 Rd3+ 48. Kg2 Re3 49. Rb4 Kf5 50. Rb5+ Re5 51. Rb3 Kg4 52. Rb4+ Kf5 53. Rb3 Re4 54. Rb5+ Kg4 55. Rb6 Rf4 56. Rb3 Kxh4 57. Rh3+ Kg5 58. Rb3 h4 59. Kh3 f5 60. Rb8 Re4 61. Rg8+ Kf6 62. Rf8+ Kg6 63. Rg8+ Kf6 64. Rf8+ Ke5 65. Rg8 Rd4 66. Re8+ Kf6 67. Rf8+ Kg6 68. Rg8+ Kf7 69. Rg5 Kf6 70. Rg8 Ke5 71. Re8+ Kf4 72. Kxh4 Rd3 73. Rf8 Rf3 74. Rf7 Rf2 75. Kh3 Ra2 76. Rf8 Rb2 77. Rf7 Rc2 78. Rf8 Ke4 79. Re8+ Kf3 80. Kh4 f4 81. Rf8 Rh2+ 82. Kg5 Rg2+ 83. Kf5 Kg3 84. Rg8+ Kf3 85. Rxg2 Kxg2 86. Kxf4 1/2-1/2


[Site "https://www.chess.com"]

[Event "Titled Tuesday Blitz March 22 Early 2022"]
[White "Pajeken, Jakob Leon"]
[Black "Moroni, Luca Jr"]
[WhiteFideId "12942839"]
[BlackFideId "865834"]
[WhiteElo "2351"]
[BlackElo "2573"]
[Result "0-1"]
[Round "07"]
[TimeControl "180+1"]
[Date "2022.03.22"]
[WhiteClock "0:00:05"]
[BlackClock "0:00:12"]

1. d4 d6 2. Nf3 g6 3. g3 Bg7 4. Bg2 Bd7 5. O-O Qc8 6. Re1 Nc6 7. e4 Bh3 8. Bh1 h5 9. Ng5 Nxd4 10. Nxh3 Qxh3 11. Nc3 Qg4 12. f3 Qd7 13. Be3 Nc6 14. Nd5 e6 15. Nf4 Nge7 16. c3 O-O 17. Qd2 Rad8 18. Rad1 Rfe8 19. Bg2 d5 20. Bh3 d4 21. Ne2 Ne5 22. Nxd4 c5 23. Qe2 cxd4 24. cxd4 N5c6 25. d5 Ne5 26. dxe6 Qc6 27. f4 Ng4 28. exf7+ Kxf7 29. Rc1 Qxe4 30. Bxg4 hxg4 31. Qxg4 Qf5 32. Qxf5+ Nxf5 33. Bxa7 Rxe1+ 34. Rxe1 Bxb2 35. g4 Bd4+ 36. Bxd4 Nxd4 37. Kf2 Ra8 38. Rb1 Rxa2+ 39. Ke3 Nc2+ 40. Kd3 Na3 41. Rxb7+ Kf6 42. h4 Rh2 43. Rb6+ Kg7 44. Rb7+ Kh6 45. Ke4 Nc4 46. h5 Nd6+ 47. Ke5 Nxb7 0-1


[Site "https://www.chess.com"]

[Event "Titled Tuesday Blitz March 22 Early 2022"]
[White "Perez Gormaz, Matias"]
[Black "Guseva, Marina"]
[WhiteFideId "3406342"]
[BlackFideId "4149351"]
[WhiteElo "2327"]
[BlackElo "2160"]
[Result "1-0"]
[Round "07"]
[TimeControl "180+1"]
[Date "2022.03.22"]
[WhiteClock "0:00:33"]
[BlackClock "0:00:10"]

1. e4 c5 2. Nf3 Nc6 3. Bb5 g6 4. O-O Bg7 5. Re1 Nf6 6. c3 O-O 7. d4 d5 8. e5 Ne4 9. Bxc6 bxc6 10. Be3 cxd4 11. cxd4 Qb6 12. Qc1 a5 13. Nc3 Nxc3 14. Qxc3 Ba6 15. Rac1 Bb5 16. Qd2 a4 17. Bh6 Bc4 18. Bxg7 Kxg7 19. a3 Rab8 20. Rc2 c5 21. h4 cxd4 22. Nxd4 e6 23. h5 Rfc8 24. Re3 Bb3 25. Rxc8 Rxc8 26. Rh3 Kg8 27. hxg6 fxg6 28. Rf3 Qc7 29. Qf4 Qe7 30. Qf6 Qxf6 31. Rxf6 Rc1+ 32. Kh2 Rb1 33. Nxe6 h5 34. Rxg6+ Kh7 35. Rg5 Rxb2 36. f4 Rd2 37. Rg7+ Kh8 38. Rd7 d4 39. Rxd4 Ra2 40. Ng5 Rxa3 41. e6 Bxe6 42. Nxe6 Re3 43. Ng5 a3 44. Ra4 Kg7 45. g3 Kg6 46. Kh3 Kf5 47. Kh4 Kg6 48. Ra6+ Kf5 49. Ra5+ Kg6 50. Ra6+ Kf5 51. Ra8 Re1 52. Rxa3 Rh1+ 53. Nh3 Rh2 54. Ra5+ Ke4 55. Rxh5 Kf3 56. Ra5 1-0


[Site "https://www.chess.com"]

[Event "Titled Tuesday Blitz March 22 Early 2022"]
[White "Pesotskiy, Mikhail"]
[Black "Tsyhanchuk, Stanislav"]
[WhiteFideId "34164453"]
[BlackFideId "13505130"]
[WhiteElo "2010"]
[BlackElo "2078"]
[Result "1-0"]
[Round "07"]
[TimeControl "180+1"]
[Date "2022.03.22"]
[WhiteClock "0:01:46"]
[BlackClock "0:00:01"]

1. d4 d5 2. c4 c6 3. Nf3 Nf6 4. Nbd2 Bf5 5. Nh4 Bg6 6. Qb3 Qb6 7. Qh3 Nbd7 8. Nxg6 fxg6 9. e3 Kf7 10. Bd3 e6 11. O-O Qc7 12. Nf3 Re8 13. Ng5+ Kg8 14. Nxe6 Qd6 15. Nxf8 Nxf8 16. Bd2 Ne6 17. cxd5 cxd5 18. Rac1 Ng5 19. Qg3 Qxg3 20. hxg3 Nge4 21. Bb4 h5 22. Rc7 h4 23. gxh4 Rxh4 24. Rfc1 Kh7 25. Re7 Rxe7 26. Bxe7 Rh5 27. Rc7 b6 28. Rxa7 Rh4 29. Bf8 Kg8 30. Bxg7 Nh5 31. Be5 Nhf6 32. f3 1-0


[Site "https://www.chess.com"]

[Event "Titled Tuesday Blitz March 22 Early 2022"]
[White "Petrova, Irina"]
[Black "Winkels, Marcel"]
[WhiteFideId "14124122"]
[BlackFideId "1003887"]
[WhiteElo "1993"]
[BlackElo "1900"]
[Result "1-0"]
[Round "07"]
[TimeControl "180+1"]
[Date "2022.03.22"]
[WhiteClock "0:00:18"]
[BlackClock "0:00:01"]

1. e4 c5 2. Nf3 d6 3. Bb5+ Nd7 4. O-O a6 5. Bxd7+ Bxd7 6. d4 cxd4 7. Qxd4 e5 8. Qd3 h6 9. a4 Nf6 10. c4 Be7 11. Nc3 Be6 12. b3 O-O 13. Rd1 Rc8 14. Ba3 Qb6 15. Nd2 Rfd8 16. Rdb1 Ng4 17. Qe2 Bg5 18. Nf1 Qd4 19. Bb2 Qb6 20. h3 Nf6 21. Ba3 Qd4 22. Qc2 Nh5 23. Rd1 Qb6 24. a5 Qc7 25. Ne3 Nf4 26. Ned5 Bxd5 27. Nxd5 Nxd5 28. Rxd5 b5 29. axb6 Qxb6 30. Rad1 Be7 31. R1d3 Rb8 32. Qd1 a5 33. Rb5 Qc7 34. Rxb8 Rxb8 35. g3 Qb7 36. f3 Qb6+ 37. Kg2 Qb7 38. h4 g6 39. Qd2 Kg7 40. Qxa5 f5 41. Qd5 Qa7 42. Bxd6 Bxd6 43. Qxd6 Qa2+ 44. Kh3 Rxb3 45. exf5 Rxd3 46. f6+ Kf7 47. Qxd3 Kxf6 48. Qd6+ Kf7 49. Qxe5 Qxc4 50. Qe4 Qf1+ 51. Kg4 1-0


[Site "https://www.chess.com"]

[Event "Titled Tuesday Blitz March 22 Early 2022"]
[White "Pires, Marcos Vinicius Torsani"]
[Black "Lagunov, Evgenij"]
[WhiteFideId "2118939"]
[BlackFideId "4125363"]
[WhiteElo "2273"]
[BlackElo "2200"]
[Result "0-1"]
[Round "07"]
[TimeControl "180+1"]
[Date "2022.03.22"]
[WhiteClock "0:00:07"]
[BlackClock "0:00:03"]

1. e4 c5 2. c3 Nf6 3. e5 Nd5 4. d4 cxd4 5. Nf3 Nc6 6. cxd4 d6 7. Bc4 e6 8. O-O Be7 9. exd6 Qxd6 10. Nc3 a6 11. Re1 O-O 12. Bb3 b5 13. Nxd5 exd5 14. Ne5 Be6 15. Bf4 Nxe5 16. dxe5 Qd7 17. Qd2 Rac8 18. Rad1 Rfd8 19. h3 d4 20. Bxe6 Qxe6 21. Qa5 d3 22. Bd2 Rc2 23. b3 h6 24. Bb4 Bh4 25. Rd2 Rdc8 26. Red1 Rxd2 27. Bxd2 Qxe5 28. Qxa6 Rc2 29. Qa8+ Kh7 30. Qf3 Qe2 31. Be3 Qxf3 32. gxf3 Rc3 33. a4 bxa4 34. bxa4 Ra3 35. a5 Rxa5 36. Rxd3 Bg5 37. Kg2 Ra6 38. Rd5 Rg6 39. Kf1 Bxe3 40. fxe3 Rg3 41. Kf2 Rxh3 42. Kg2 Rh4 43. e4 g5 44. Rd7 Rf4 45. Rd6 Kg7 46. Kg3 f6 47. Ra6 h5 48. Ra8 h4+ 49. Kg2 g4 50. fxg4 Rxg4+ 51. Kf3 Rg3+ 52. Kf4 Rg5 53. Ra7+ Kg6 54. Ra8 h3 55. Rh8 Rh5 56. Rg8+ Kf7 57. Rg1 h2 58. Rh1 Kg6 59. Kg3 Kg5 60. Kg2 Kg4 61. Kf2 Kh3 62. Kf3 Rg5 63. Kf2 Rg2+ 64. Kf1 Kg3 65. e5 fxe5 66. Ke1 Rg1+ 0-1


[Site "https://www.chess.com"]

[Event "Titled Tuesday Blitz March 22 Early 2022"]
[White "Quirke, Jeffrey"]
[Black "Harish, Neeraj"]
[WhiteFideId "2013029"]
[BlackFideId "30958130"]
[WhiteElo "2219"]
[BlackElo "1574"]
[Result "1-0"]
[Round "07"]
[TimeControl "180+1"]
[Date "2022.03.22"]
[WhiteClock "0:00:40"]
[BlackClock "0:00:02"]

1. c4 Nf6 2. g3 g6 3. Bg2 Bg7 4. Nc3 c5 5. Nf3 O-O 6. d4 cxd4 7. Nxd4 Nc6 8. O-O Nxd4 9. Qxd4 d6 10. Qd3 Bf5 11. e4 Be6 12. b3 Nd7 13. Bb2 Nc5 14. Qe2 a6 15. Rfd1 Qa5 16. Nd5 Bxd5 17. exd5 Bxb2 18. Qxb2 Qc7 19. h4 b5 20. h5 bxc4 21. h6 f6 22. bxc4 Rab8 23. Qe2 Rb4 24. Re1 Rf7 25. Bh3 f5 26. g4 f4 27. g5 f3 28. Qc2 Qd8 29. Be6 Nxe6 30. Rxe6 Rf5 31. Qc3 Rxg5+ 32. Kf1 Qf8 33. Qxb4 1-0


[Site "https://www.chess.com"]

[Event "Titled Tuesday Blitz March 22 Early 2022"]
[White "Rosen, Eric"]
[Black "Aaditya Dhingra"]
[WhiteFideId "2032562"]
[BlackFideId "25678191"]
[WhiteElo "2362"]
[BlackElo "1849"]
[Result "0-1"]
[Round "07"]
[TimeControl "180+1"]
[Date "2022.03.22"]
[WhiteClock "0:00:04"]
[BlackClock "0:00:24"]

1. e4 c5 2. Nc3 e6 3. Nge2 a6 4. g3 b5 5. Bg2 Bb7 6. d3 g6 7. d4 c4 8. Be3 d6 9. O-O Bg7 10. a4 b4 11. Nb1 Nf6 12. Nd2 Qc7 13. c3 b3 14. h3 Nbd7 15. g4 d5 16. e5 Ng8 17. f4 Ne7 18. Ng3 Rg8 19. Kh2 f5 20. gxf5 exf5 21. Rf2 Nf8 22. Qh1 O-O-O 23. Bf3 Ne6 24. Ne2 g5 25. fxg5 Bxe5+ 26. dxe5 Qxe5+ 27. Nf4 Nxf4 28. Bd4 Qc7 29. Kg1 Rxg5+ 30. Kf1 Rdg8 31. Re1 Rg1+ 32. Qxg1 Rxg1+ 33. Kxg1 Nxh3+ 34. Kf1 Nxf2 35. Bxf2 Ng6 36. Re8+ Kd7 37. Rg8 Qe5 38. Nxc4 dxc4 39. Bxb7 Qd6 40. a5 Qd1+ 41. Kg2 Nf4+ 42. Kg3 Ne2+ 43. Kh4 Qd2 44. Rg7+ Ke6 45. Bb6 Qh6# 0-1


[Site "https://www.chess.com"]

[Event "Titled Tuesday Blitz March 22 Early 2022"]
[White "Rostovtsev, Dmitry"]
[Black "Dushyant Sharma"]
[WhiteFideId "34278320"]
[BlackFideId "25065130"]
[WhiteElo "2359"]
[BlackElo "2105"]
[Result "0-1"]
[Round "07"]
[TimeControl "180+1"]
[Date "2022.03.22"]
[WhiteClock "0:00:01"]
[BlackClock "0:00:53"]

1. d4 d5 2. Bf4 e6 3. e3 Bd6 4. Bg3 f5 5. Nf3 Nf6 6. c4 O-O 7. c5 Be7 8. Nc3 c6 9. Qa4 b6 10. b4 a5 11. Bxb8 Rxb8 12. bxa5 bxc5 13. a6 cxd4 14. Nxd4 Bd7 15. Nxc6 Bxc6 16. Qxc6 Bb4 17. Bd3 Qc8 18. Qxc8 Rfxc8 19. O-O Bxc3 20. Rab1 Ne4 21. Rxb8 Rxb8 22. Rb1 Ra8 23. Rb6 Nc5 24. Be2 Kf7 25. Rc6 Bb4 26. Rc7+ Kf6 27. a7 Ne4 28. f3 Nd6 29. Bd1 Ne8 30. Rb7 Bc5 31. Ba4 Nd6 32. Rd7 Rxa7 33. Rxa7 Bxa7 34. Bc6 Bxe3+ 35. Kf1 Nc4 36. a4 Bb6 37. Ke2 Ke5 38. Be8 g5 39. Kd3 h5 40. Ke2 h4 41. g3 h3 42. Bb5 g4 43. f4+ Kd4 44. Bd7 e5 45. Bxf5 exf4 46. gxf4 g3 0-1


[Site "https://www.chess.com"]

[Event "Titled Tuesday Blitz March 22 Early 2022"]
[White "Rudykh, Stepan"]
[Black "Thomas, Anysia"]
[WhiteFideId "4180321"]
[BlackFideId "670472"]
[WhiteElo "2127"]
[BlackElo "2002"]
[Result "1-0"]
[Round "07"]
[TimeControl "180+1"]
[Date "2022.03.22"]
[WhiteClock "0:00:23"]
[BlackClock "0:00:06"]

1. e4 c5 2. Nf3 g6 3. d4 cxd4 4. Nxd4 Nc6 5. Nc3 Bg7 6. Be3 Nf6 7. Bc4 O-O 8. Bb3 d6 9. f3 Qa5 10. Qd2 a6 11. g4 Nxd4 12. Bxd4 Be6 13. Bxe6 fxe6 14. h4 e5 15. Be3 Rac8 16. h5 Kf7 17. hxg6+ hxg6 18. g5 Nh5 19. O-O-O Rc6 20. Kb1 e6 21. Ne2 Qxd2 22. Rxd2 Rfc8 23. Rhd1 Bf8 24. c3 b5 25. Nc1 a5 26. Nb3 a4 27. Nc1 Rc4 28. Ne2 Be7 29. b3 axb3 30. axb3 R4c6 31. Ra2 R8c7 32. Kb2 b4 33. c4 Bf8 34. Ra8 Bg7 35. Rd8 d5 36. exd5 exd5 37. R1xd5 e4+ 38. Bd4 Bxd4+ 39. Nxd4 exf3 40. Nxf3 Re6 41. Ne5+ Kg7 42. R5d7+ Re7 43. Rxc7 Rxc7 44. Rd7+ Rxd7 45. Nxd7 Ng3 46. c5 Ne4 47. c6 Nd6 48. Nb6 Ne8 49. Nd5 Nd6 50. c7 Nc8 51. Nxb4 Kf7 52. Na6 Ke6 53. b4 Kf5 54. b5 Kxg5 55. Nb4 Kf4 56. Nd5+ Ke5 57. b6 Kxd5 58. b7 Nd6 59. b8=Q g5 60. c8=Q 1-0


[Site "https://www.chess.com"]